[Event "ICC tourney 1984 (45 10)"]
[Site "Internet Chess Club"]
[Date "2020.08.29"]
[Round "3"]
[White "annameiyappan"]
[Black "xiaoqixia"]
[Result "1/2-1/2"]
[ICCResult "Game drawn by mutual agreement"]
[WhiteElo "2044"]
[BlackElo "2120"]
[Opening "Petrov: Nimzovich attack"]
[ECO "C42"]
[NIC "RG.03"]
[Time "16:02:51"]
[TimeControl "2700+10"]

1. e4 e5 2. Nf3 Nf6 3. Nxe5 d6 4. Nf3 Nxe4 5. Nc3 Nxc3 6. dxc3 Be7 7. Bd3
Nc6 8. O-O O-O 9. h3 Be6 10. Nd4 Nxd4 11. cxd4 Qd7 12. Qh5 g6 13. Qf3 d5 14.
Re1 Rfe8 15. Bh6 Qd8 16. Qg3 Bf6 17. c3 c6 18. Re2 Bd7 19. Rae1 Rxe2 20.
Rxe2 Qb8 21. f4 Qd6 22. Qf3 Re8 23. f5 Rxe2 24. Qxe2 Bg7 25. Bxg7 Kxg7 26.
fxg6 fxg6 27. Qe3 b6 28. Kf2 Qf6+ 29. Qf3 Bc8 30. Qxf6+ Kxf6 31. Kf3 h6 32.
g4 g5 33. Ke3 Ke7 34. Bg6 Kd6 35. b4 Ba6 36. Bd3 Bxd3 37. Kxd3 b5 38. Ke3
Kc7 39. Kd3 Kb6 40. Kc2 Kb7 41. Kd3 Kc7 42. Kc2 Kb6 43. Kd3 Kc7 44. Kc2 Kd6
45. Kd3 Ke6 46. Ke3 Kf6 47. Kf3 Kg6 48. Kg3 Kg7 49. Kg2 Kf6 50. Kf3 Ke6 51.
Ke3 Kf7 52. Kf2 Kg8 53. Kg1 Kh7 54. Kh2 Kh8 55. Kh1 Kg7 56. Kg2 Kf8 57. Kf3
Ke7 58. Ke3 Kd7 59. Kd3 Kd6 {Game drawn by mutual agreement} 1/2-1/2

[Event "ICC tourney 1984 (45 10)"]
[Site "Internet Chess Club"]
[Date "2020.08.29"]
[Round "3"]
[White "Monkeybomb3605"]
[Black "vedrau"]
[Result "0-1"]
[ICCResult "White resigns"]
[WhiteElo "1968"]
[BlackElo "1964"]
[Opening "Alekhine's defense: exchange variation"]
[ECO "B03"]
[NIC "AL.08"]
[Time "16:02:42"]
[TimeControl "2700+10"]

1. e4 Nf6 2. e5 Nd5 3. d4 Nb6 4. c4 d6 5. exd6 cxd6 6. Nc3 g6 7. Be3 Bg7 8.
Rc1 O-O 9. b3 e5 10. dxe5 dxe5 11. Qxd8 Rxd8 12. c5 N6d7 13. Ne4 Nc6 14. Bc4
Na5 15. Be2 h6 16. Nd6 f5 17. b4 Nc6 18. Bc4+ Kh7 19. b5 Nd4 20. Bxd4 exd4
21. c6 bxc6 22. Nxc8 Raxc8 23. bxc6 Ne5 24. c7 Rd7 25. Bb5 Rdxc7 26. Rxc7
Rxc7 27. Kd2 d3 28. Nf3 {White resigns} 0-1

[Event "ICC tourney 1984 (45 10)"]
[Site "Internet Chess Club"]
[Date "2020.08.29"]
[Round "3"]
[White "Joelpaulg"]
[Black "PappusChain923"]
[Result "1/2-1/2"]
[ICCResult "Game drawn by mutual agreement"]
[WhiteElo "2128"]
[BlackElo "2203"]
[Opening "Sicilian: Nimzovich-Rossolimo attack (with ...g6, without ...d6)"]
[ECO "B31"]
[NIC "SI.31"]
[Time "16:02:47"]
[TimeControl "2700+10"]

1. e4 c5 2. Nf3 Nc6 3. Bb5 g6 4. Bxc6 dxc6 5. d3 Bg7 6. h3 e5 7. O-O Qc7 8.
Be3 b6 9. Nc3 Nf6 10. Qd2 O-O 11. Nh2 Nh5 12. Ne2 Qe7 13. Bh6 f5 14. Bxg7
Nxg7 15. exf5 Nxf5 16. Rae1 Bd7 17. Nc3 Rae8 18. Ng4 Qg7 19. Ne4 h5 20. Nh2
Nd4 21. c3 Ne6 22. Nd6 Re7 23. Re3 Nf4 24. Rfe1 Qh6 25. Qd1 g5 26. Nc4 g4
27. hxg4 hxg4 28. Nxg4 Bxg4 29. Rg3 Rh7 30. Qxg4+ Kh8 31. Rh3 Nxh3+ 32. Qxh3
Qxh3 33. gxh3 Rxh3 34. Nxe5 Rg8+ 35. Kf1 Rh2 36. Re3 Rh1+ 37. Ke2 Rc8 38.
Kf3 Rb1 39. Re2 Kg7 40. Ke4 Kf6 41. f4 Rg1 42. Rh2 Re1+ 43. Kf3 Ra1 44. Rh7
a5 45. Ke4 Re1+ 46. Kf3 b5 47. c4 Rb1 48. Ke4 Re1+ 49. Kf3 a4 50. b3 a3 51.
Rf7+ Ke6 52. f5+ Kxe5 53. Re7+ Kxf5 54. Rxe1 Rd8 55. Ke3 Re8+ 56. Kd2 Rh8
57. cxb5 cxb5 58. Rc1 Rh2+ 59. Ke3 Rh3+ {Game drawn by mutual agreement}
1/2-1/2

[Event "ICC tourney 1984 (45 10)"]
[Site "Internet Chess Club"]
[Date "2020.08.29"]
[Round "3"]
[White "town"]
[Black "espark"]
[Result "0-1"]
[ICCResult "White resigns"]
[WhiteElo "2131"]
[BlackElo "2307"]
[Opening "Robatsch (modern) defense"]
[ECO "B06"]
[NIC "KF.05"]
[Time "16:02:46"]
[TimeControl "2700+10"]

1. e4 g6 2. d4 Bg7 3. Nf3 d6 4. Bc4 Nf6 5. Qe2 O-O 6. e5 dxe5 7. dxe5 Nd5 8.
O-O Bg4 9. Rd1 c6 10. Nbd2 Nd7 11. h3 Bxf3 12. Nxf3 e6 13. Bb3 b5 14. Bxd5
cxd5 15. Qxb5 Nxe5 16. Nxe5 Bxe5 17. c4 a6 18. Qc5 Rc8 19. Qe3 Qd6 20. cxd5
exd5 21. Qd3 Rfd8 22. Bg5 f6 23. Be3 Rb8 24. Bd4 Rb4 25. Qc3 Qb8 26. b3 Bxd4
27. Rxd4 Rxd4 28. Qxd4 Qe5 29. Rd1 Qxd4 30. Rxd4 Kf7 31. Kf1 Ke6 32. Ke2 Rc8
33. Kd2 g5 34. f4 h5 35. Ra4 Rc6 36. fxg5 fxg5 37. Rb4 Ke5 38. Rb8 Rf6 39.
Ke3 d4+ 40. Ke2 Kf4 41. Rd8 Kg3 42. Rxd4 Kxg2 43. Rd5 Rg6 44. h4 gxh4 45.
Rxh5 h3 46. Kd3 Rg4 47. Kc3 h2 48. a4 h1=Q 49. Rxh1 Kxh1 50. b4 Kg2 51. b5
axb5 52. axb5 Kf3 53. b6 Rg6 {White resigns} 0-1

[Event "ICC tourney 1984 (45 10)"]
[Site "Internet Chess Club"]
[Date "2020.08.29"]
[Round "3"]
[White "Aleksandrov73"]
[Black "erickzhao"]
[Result "1-0"]
[ICCResult "Black resigns"]
[WhiteElo "2712"]
[BlackElo "2275"]
[Opening "Grünfeld: Grünfeld gambit, Capablanca variation"]
[ECO "D83"]
[NIC "GI.03"]
[Time "16:02:50"]
[TimeControl "2700+10"]

1. d4 Nf6 2. c4 g6 3. Nc3 d5 4. Bf4 Bg7 5. e3 O-O 6. Rc1 c6 7. Nf3 dxc4 8.
Bxc4 Nd5 9. Bg3 Be6 10. Ne4 Nd7 11. Neg5 Bg4 12. h3 Bh5 13. Bh2 Bxf3 14.
Nxf3 Qa5+ 15. Qd2 Qxd2+ 16. Kxd2 Rac8 17. Ke2 Rfe8 18. Bb3 N5b6 19. Ng5 e6
20. Ne4 Bf8 21. Nd6 Bxd6 22. Bxd6 Rcd8 23. Rhd1 Nf6 24. Bh2 Ne4 25. f3 Nd6
26. g4 h6 27. Be5 Nd5 28. e4 Ne7 29. h4 Rd7 30. Ke3 Kh7 31. a4 Ng8 32. g5 h5
33. f4 Ne7 34. Kf3 Red8 35. Ba2 a5 36. Ke3 Re8 37. Rd2 Nec8 38. Rc5 f5 39.
gxf6 Nb6 40. Bb3 Ra8 41. Bxe6 Nxa4 42. Bxd7 Nxc5 43. dxc5 Nc4+ 44. Kd3 Nxd2
45. f7 Nf3 46. Bd6 Kg7 47. Be8 {Black resigns} 1-0

[Event "ICC tourney 1984 (45 10)"]
[Site "Internet Chess Club"]
[Date "2020.08.29"]
[Round "3"]
[White "kurumania"]
[Black "helavir"]
[Result "1/2-1/2"]
[ICCResult "Game drawn by mutual agreement"]
[WhiteElo "2519"]
[BlackElo "2642"]
[Opening "Caro-Kann: two knights, 3...Bg4"]
[ECO "B11"]
[NIC "CK.01"]
[Time "16:03:38"]
[TimeControl "2700+10"]

1. e4 c6 2. Nc3 d5 3. Nf3 Bg4 4. h3 Bxf3 5. Qxf3 Nf6 6. d4 dxe4 7. Qe3 Nbd7
8. Be2 e6 9. Nxe4 Nxe4 10. Qxe4 Nf6 11. Qd3 Be7 12. O-O O-O 13. Rd1 Qc7 14.
Qf3 Rfd8 15. Bf4 Bd6 16. Bg5 Be7 17. Bc4 Nd5 18. Bd2 a5 19. c3 a4 20. Bd3 b5
21. Rac1 Rab8 22. Be4 Rd7 23. Rc2 c5 24. dxc5 Bxc5 25. Bg5 Be7 26. Bxe7 Nxe7
27. Rcd2 Rxd2 28. Rxd2 g6 29. a3 Kg7 30. Qd1 Qe5 31. Qe2 Nf5 32. Bxf5
{Game drawn by mutual agreement}
1/2-1/2

[Event "ICC tourney 1984 (45 10)"]
[Site "Internet Chess Club"]
[Date "2020.08.29"]
[Round "3"]
[White "xyzchessdude"]
[Black "hilariouspanda"]
[Result "1/2-1/2"]
[ICCResult "Game drawn by repetition"]
[WhiteElo "2038"]
[BlackElo "2061"]
[Opening "Old Benoni defense"]
[ECO "A43"]
[NIC "OI.09"]
[Time "16:02:45"]
[TimeControl "2700+10"]

1. d4 c5 2. d5 e6 3. Nc3 Nf6 4. e4 exd5 5. exd5 d6 6. Be2 Be7 7. h3 a6 8. a4
Nbd7 9. Nf3 O-O 10. O-O Qc7 11. Bf4 Rb8 12. Re1 Re8 13. Bf1 b6 14. Qd2 Bb7
15. Rad1 Bf8 16. Nh4 g6 17. Nf3 Rbc8 18. Bh6 Rxe1 19. Nxe1 Bxh6 20. Qxh6 Re8
21. Nf3 Ne5 22. Ng5 Qe7 23. Nce4 Ned7 24. Re1 Qf8 25. Nxf6+ Nxf6 26. Rxe8
Qxe8 27. Qh4 Bxd5 28. Bxa6 h6 29. Nf3 Kg7 30. Qf4 Bxf3 31. gxf3 Qe1+ 32. Kg2
g5 33. Qe3 Qa1 34. Qb3 Nh5 35. Bc4 Nf4+ 36. Kh2 d5 37. Qc3+ f6 38. Bb5 d4
39. Qd2 Qxb2 40. Qe1 Qa2 41. Be8 Qe6 42. Qxe6 Nxe6 43. h4 Nf4 44. hxg5 hxg5
45. Kg3 Nd5 46. Bc6 Nb4 47. Be4 c4 48. f4 d3 49. cxd3 c3 50. d4 c2 51. Bxc2
gxf4+ 52. Kxf4 Nxc2 53. Ke4 Kf7 54. Kd5 Ke7 55. Kc6 Nxd4+ 56. Kxb6 Kd6 57.
a5 Nc6 58. a6 f5 59. f4 Ne7 60. Kb7 Nc6 61. Kb6 Kd5 62. Kb5 Na7+ 63. Kb6
Nc8+ 64. Kb7 Nd6+ 65. Kb6 Nc4+ 66. Kb5 Nd6+ 67. Kb6 Nc8+ 68. Kb7 Nd6+ 69.
Kb6 {Game drawn by repetition} 1/2-1/2

[Event "ICC tourney 1984 (45 10)"]
[Site "Internet Chess Club"]
[Date "2020.08.29"]
[Round "3"]
[White "RagingKnightNC"]
[Black "MrNormalName"]
[Result "0-1"]
[ICCResult "White checkmated"]
[WhiteElo "2078"]
[BlackElo "2197"]
[Opening "Ruy Lopez: Berlin defense, open variation"]
[ECO "C67"]
[NIC "RL.07"]
[Time "16:03:38"]
[TimeControl "2700+10"]

1. e4 e5 2. Nf3 Nc6 3. Bb5 Nf6 4. O-O Nxe4 5. Re1 Nd6 6. Ba4 Be7 7. Nxe5
Nxe5 8. Rxe5 O-O 9. c3 Ne8 10. d4 d5 11. Bc2 Bd6 12. Qd3 g6 13. Re3 Ng7 14.
b3 Re8 15. Rxe8+ Qxe8 16. Be3 Qe7 17. Qd2 Nf5 18. c4 dxc4 19. bxc4 c5 20.
Bxf5 Bxf5 21. Nc3 cxd4 22. Bxd4 Bb4 23. Nd5 Bxd2 24. Nxe7+ Kf8 25. Nxf5 gxf5
26. Rd1 Bg5 27. Bc5+ Be7 28. Be3 Rc8 29. Rd7 Rxc4 30. Kf1 a5 31. Rxb7 f4 32.
Bb6 Rc1+ 33. Ke2 Rc2+ 34. Kf3 Rxa2 35. Kxf4 Bd6+ 36. Kf5 Rb2 37. Ke4 Ke8 38.
Kd5 Bxh2 39. g3 Bg1 40. Kc6 Rc2+ 41. Bc5 Rxc5+ 42. Kxc5 Bxf2+ 43. Kd5 Bxg3
44. Ra7 Be1 45. Kd6 Kf8 46. Ke5 Kg7 47. Kf5 Bb4 48. Kg5 Bd2+ 49. Kh5 Kf6 50.
Rd7 Bb4 51. Kh6 Ke6 52. Rd4 Ke5 53. Rh4 f5 54. Kxh7 f4 55. Kg6 f3 56. Kh5 f2
57. Rh1 Kf4 58. Kh4 Kf3 59. Kh3 Ke2 60. Kg2 Be1 61. Rh3 f1=Q+ 62. Kh2 Qxh3+
63. Kg1 Bf2# {White checkmated} 0-1

[Event "ICC tourney 1984 (45 10)"]
[Site "Internet Chess Club"]
[Date "2020.08.29"]
[Round "3"]
[White "drberkley"]
[Black "BrainOnFire"]
[Result "1-0"]
[ICCResult "Black resigns"]
[WhiteElo "1927"]
[BlackElo "2057"]
[Opening "Vienna gambit"]
[ECO "C29"]
[NIC "VG.04"]
[Time "16:02:46"]
[TimeControl "2700+10"]

1. e4 e5 2. Nc3 Nf6 3. f4 d6 4. Nf3 Nc6 5. Bb5 Bd7 6. O-O Be7 7. d3 O-O 8.
h3 a6 9. Bxc6 Bxc6 10. Qe1 exf4 11. Bxf4 d5 12. e5 Nh5 13. Bh2 g6 14. Kh1
Ng7 15. Nd4 Be8 16. Bf4 c5 17. Nf3 Bc6 18. Bh6 Re8 19. e6 Nxe6 20. Ne5 Bf6
21. Nxc6 bxc6 22. Qf2 Bd4 23. Qxf7+ Kh8 24. Rae1 Qd6 25. Nd1 Re7 26. Qf3 Bg7
27. Bxg7+ Kxg7 28. Qf6+ Kg8 29. Qe5 Qxe5 30. Rxe5 Rf7 31. Rxf7 Kxf7 32. Kg1
Rb8 33. c3 Nf4 34. Re3 Kf6 35. Rf3 Ke5 36. Re3+ Kd6 37. Rf3 g5 38. Kf2 Re8
39. h4 Re2+ 40. Kf1 Ke5 41. g3 Rd2 42. gxf4+ gxf4 43. Ke1 Rh2 44. Nf2 Rxh4
45. Rh3 Rxh3 46. Nxh3 Kf5 47. Kf2 Kg4 48. Ng1 h5 49. Kg2 h4 50. a3 a5 51. a4
c4 52. d4 h3+ 53. Nxh3 f3+ 54. Kh2 f2 55. Nxf2+ Kf3 56. Kg1 Ke2 57. Ng4 Kd2
58. Ne5 Kc2 59. Nxc6 Kxb2 60. Nxa5 Ka3 61. Nxc4+ Kxa4 62. Nb6+ {Black
resigns} 1-0

[Event "ICC tourney 1984 (45 10)"]
[Site "Internet Chess Club"]
[Date "2020.08.29"]
[Round "3"]
[White "guineapig25"]
[Black "lmperatorX"]
[Result "0-1"]
[ICCResult "White resigns"]
[WhiteElo "2018"]
[BlackElo "2142"]
[Opening "Sicilian: Najdorf, Opocensky variation"]
[ECO "B92"]
[NIC "SI.11"]
[Time "16:03:12"]
[TimeControl "2700+10"]

1. e4 c5 2. Nf3 d6 3. d4 cxd4 4. Nxd4 Nf6 5. Nc3 a6 6. Be2 e5 7. Nb3 Be7 8.
O-O O-O 9. Be3 Be6 10. a4 Nbd7 11. a5 Rc8 12. Bf3 Qc7 13. Qd2 Rfd8 14. Rfd1
Qb8 15. h3 Nf8 16. Qe1 Ng6 17. Bb6 Rd7 18. Ra4 Nh4 19. Be2 d5 20. exd5 Nxd5
21. Nxd5 Rxd5 22. Bd3 Qd6 23. Nd2 Ng6 24. Bc4 Qc6 25. Bxd5 Bxd5 26. Rg4 h5
27. Rg3 Qxc2 28. Nf1 Bc6 29. Ne3 Qxb2 30. Nf5 Bb4 31. Qe3 Qc2 32. Rd3 Bb5
33. Rb3 Bd2 34. Qf3 Bf4 35. Nd6 e4 36. Nxe4 Be2 37. Nf6+ Kh8 38. Qxb7 Qc1+
39. Kh2 h4 40. Qxf7 hxg3+ 41. fxg3 Ne5 42. Qd5 gxf6 43. gxf4 Qxf4+ 44. Rg3
Bc4 45. Qb7 Rg8 46. Bf2 Qxf2 47. Rxg8+ Bxg8 48. Qe4 Nf3+ 49. Qxf3 Qxf3 50.
gxf3 Kg7 51. Kg3 Kg6 52. Kf4 Be6 53. Kg3 Kg5 54. h4+ Kh5 55. f4 Bf5 56. Kf3
Kxh4 57. Ke3 Kg3 58. Kd4 Kxf4 59. Kc5 Bd3 60. Kb6 f5 61. Ka7 Ke5 62. Ka8 f4
{White resigns}
0-1

[Event "ICC tourney 1984 (45 10)"]
[Site "Internet Chess Club"]
[Date "2020.08.29"]
[Round "3"]
[White "jy2020"]
[Black "saiabhi29"]
[Result "1/2-1/2"]
[ICCResult "Game drawn by mutual agreement"]
[WhiteElo "2231"]
[BlackElo "2067"]
[Opening "Sicilian: Labourdonnais-Löwenthal (Kalashnikov) variation"]
[ECO "B32"]
[NIC "SI.32"]
[Time "16:02:47"]
[TimeControl "2700+10"]

1. e4 c5 2. Nf3 Nc6 3. d4 cxd4 4. Nxd4 e5 5. Nb5 d6 6. N1c3 a6 7. Na3 b5 8.
Nd5 Nge7 9. c4 b4 10. Nc2 Rb8 11. b3 Nxd5 12. exd5 Ne7 13. Bd3 g6 14. Bd2
Bg7 15. Rb1 a5 16. a3 bxa3 17. Nxa3 O-O 18. O-O Nf5 19. Qe1 Nd4 20. Nb5 Nxb5
21. cxb5 Ra8 22. Bc4 Bd7 23. Ra1 Qb8 24. Qe2 Qb6 25. Be3 Qb7 26. Ra2 Rfb8
27. b6 f5 28. f3 Re8 29. Bb5 e4 30. f4 Rec8 31. Bc4 Be8 32. Rd1 Bf7 33. Ra4
Be8 34. Ra3 Bc3 35. Ra2 Bb4 36. Rda1 Bc3 37. Rb1 Bf7 38. Qd1 Bb4 39. Rba1
Bc5 40. Bxc5 Rxc5 41. Qd4 Qxb6 42. Ra4 Rb8 43. Kh1 Be8 44. R4a3 a4 45. h3
Qc7 46. Kh2 Qg7 47. Qd2 Rbc8 48. Rxa4 Bxa4 49. Rxa4 Qe7 50. Qe3 Qc7 51. Ra6
Qd8 52. Qd4 Qe7 53. Qe3 h6 54. Qg3 Qf6 55. Qe3 g5 56. Kh1 R8c7 57. g3 Kg7
58. Qd2 Rb7 59. Qe2 Qd4 60. fxg5 hxg5 61. Qh5 Qf6 62. Ra8 Rbc7 63. Rh8 Qa1+
64. Kg2 Qb2+ 65. Kg1 Qc1+ 66. Kg2 Qd2+ 67. Kh1 Qc1+ 68. Kg2 Qc2+ 69. Kh1
Qc1+ 70. Kg2 Qd2+ 71. Kh1 Qe1+ 72. Kg2 Qd2+ 73. Kh1 Qc1+ 74. Kg2 Qd2+ 75.
Kh1 Qc1+ 76. Kg2 Qb2+ 77. Kh1 {Game drawn by mutual agreement} 1/2-1/2

[Event "ICC tourney 1984 (45 10)"]
[Site "Internet Chess Club"]
[Date "2020.08.29"]
[Round "3"]
[White "binomialfactor"]
[Black "funplaychess"]
[Result "1/2-1/2"]
[ICCResult "Game drawn by mutual agreement"]
[WhiteElo "2214"]
[BlackElo "2366"]
[Opening "Nimzo-Indian: 4.e3, Gligoric system with 7...dc"]
[ECO "E54"]
[NIC "NI.04"]
[Time "16:02:45"]
[TimeControl "2700+10"]

1. d4 Nf6 2. c4 e6 3. Nc3 Bb4 4. e3 O-O 5. Bd3 d5 6. Nf3 dxc4 7. Bxc4 c5 8.
O-O cxd4 9. exd4 b6 10. Bg5 Bb7 11. a3 Bxc3 12. bxc3 h6 13. Bxf6 Qxf6 14.
Ne5 Rc8 15. Qe2 Nc6 16. Ng4 Qf4 17. Rac1 Ne7 18. Ne3 Rc7 19. Rc2 Rac8 20.
Rfc1 Ng6 21. Bd3 Qg5 22. Bxg6 Qxg6 23. f3 Qg5 24. c4 Qa5 25. Rc3 Rd8 26. Rd3
Rcd7 27. Rcd1 Qa4 28. d5 exd5 29. Qd2 d4 30. Nf5 Qxc4 31. Qf4 Qe6 32. Qg4
Qg6 33. Qxg6 fxg6 34. Rxd4 Rxd4 35. Rxd4 Rxd4 36. Nxd4 a6 37. Kf2 Kf7 38. f4
Bd5 39. g4 Ke7 40. h4 h5 41. Kg3 hxg4 42. Kxg4 Kf6 43. Kg3 b5 44. Kf2 Ke7
45. f5 gxf5 46. Nxf5+ Kf6 47. Nd4 Bc4 48. Ke3 Kg6 49. Kf4 Kh5 50. Nf5 g6 51.
Ne7 a5 52. Ke4 b4 53. axb4 axb4 54. Kd4 Bf7 55. Kd3 Kh6 56. Nc6 b3 57. Ne5
Kg7 58. Kc3 Be6 59. Nf3 Kf6 60. Ng5 Bd5 61. Nh7+ Kf5 62. Nf8 Bf7 63. Kb2 Bg8
64. Kc3 Kf6 65. Nd7+ Kg7 66. Ne5 Be6 67. Nf3 Kf6 68. Ng5 Bg8 69. Ne4+ Kf5
70. Nf2 Bd5 71. Nd3 Be4 72. Nc5 Bc2 73. Nd7 Kg4 74. Ne5+ Kh5 75. Kb2 Kh6 76.
Nd7 Bf5 77. Nf8 Bc2 78. Nd7 Kg7 79. Ne5 Kf6 80. Nd7+ Kf5 81. Nf8 g5 82. hxg5
Kxg5 83. Ne6+ Kg4 {Game drawn by mutual agreement} 1/2-1/2

[Event "ICC tourney 1984 (45 10)"]
[Site "Internet Chess Club"]
[Date "2020.08.29"]
[Round "4"]
[White "PappusChain923"]
[Black "rjc64uk"]
[Result "0-1"]
[ICCResult "White resigns"]
[WhiteElo "2183"]
[BlackElo "2121"]
[Opening "Nimzo-Indian: classical variation"]
[ECO "E32"]
[NIC "NI.20"]
[Time "18:31:23"]
[TimeControl "2700+10"]

1. d4 Nf6 2. c4 e6 3. Nc3 Bb4 4. Qc2 O-O 5. a3 Bxc3+ 6. Qxc3 b6 7. Bg5 Bb7
8. f3 c5 9. e3 Nc6 10. Rd1 cxd4 11. exd4 d5 12. Nh3 h6 13. Be3 Rc8 14. b4
dxc4 15. Bxc4 Ne7 16. Qb3 Bd5 17. Bxd5 Nfxd5 18. Bd2 Nf5 19. Qd3 Qh4+ 20.
Nf2 Qxd4 21. Qxd4 Nxd4 22. Ne4 Nc2+ 23. Ke2 Nxa3 24. Rc1 Nb5 25. Rhd1 f5 26.
Nf2 Nbc3+ 27. Kd3 Nxb4+ 28. Kd4 Rfd8+ 29. Ke5 {White resigns} 0-1

[Event "ICC tourney 1984 (45 10)"]
[Site "Internet Chess Club"]
[Date "2020.08.29"]
[Round "4"]
[White "Baseballchamp"]
[Black "RagingKnightNC"]
[Result "0-1"]
[ICCResult "White resigns"]
[WhiteElo "2057"]
[BlackElo "2098"]
[Opening "French: King's Indian attack"]
[ECO "C00"]
[NIC "FR.02"]
[Time "18:31:25"]
[TimeControl "2700+10"]

1. e4 e6 2. d3 d5 3. Nd2 c5 4. Ngf3 Nf6 5. g3 Be7 6. Bg2 O-O 7. O-O b6 8. e5
Nfd7 9. Re1 Nc6 10. Nf1 Re8 11. h4 h6 12. N1h2 f6 13. Ng4 Ndxe5 14. Nfxe5
Nxe5 15. Nxe5 fxe5 16. Rxe5 Bf6 17. Re1 e5 18. Qh5 Be6 19. f4 Qd7 20. f5 Bf7
21. Qg4 Kh8 22. Qh3 e4 23. Bf4 Bxb2 24. Rad1 exd3 25. cxd3 Rxe1+ 26. Rxe1
Re8 27. Rf1 c4 28. g4 Be5 29. Bxe5 Rxe5 30. d4 Re2 31. g5 Bh5 32. gxh6 gxh6
33. Qa3 Qg7 34. Qh3 Qxd4+ 35. Kh1 Re3 {White resigns} 0-1

[Event "ICC tourney 1984 (45 10)"]
[Site "Internet Chess Club"]
[Date "2020.08.29"]
[Round "4"]
[White "TjkTiger"]
[Black "Aleksandrov73"]
[Result "1/2-1/2"]
[ICCResult "Game drawn by mutual agreement"]
[WhiteElo "2589"]
[BlackElo "2702"]
[Opening "English: Mikenas-Carls variation"]
[ECO "A18"]
[NIC "EO.57"]
[Time "18:31:38"]
[TimeControl "2700+10"]

1. c4 e6 2. Nc3 Nf6 3. e4 d5 4. cxd5 exd5 5. e5 Ne4 6. Nf3 c6 7. d3 Nxc3 8.
bxc3 Be7 9. d4 Bf5 10. Bd3 Bxd3 11. Qxd3 Nd7 12. O-O O-O 13. Ne1 f6 14. f4
fxe5 15. fxe5 Rxf1+ 16. Kxf1 Nb6 17. Nf3 Qd7 18. Bg5 Rf8 19. Bxe7 Qxe7 20.
Kg1 Nc4 21. Re1 Qf7 22. h3 {Game drawn by mutual agreement} 1/2-1/2

[Event "ICC tourney 1984 (45 10)"]
[Site "Internet Chess Club"]
[Date "2020.08.29"]
[Round "4"]
[White "annameiyappan"]
[Black "town"]
[Result "0-1"]
[ICCResult "White resigns"]
[WhiteElo "2043"]
[BlackElo "2141"]
[Opening "Sicilian defense"]
[ECO "B40"]
[NIC "SI.43"]
[Time "18:31:26"]
[TimeControl "2700+10"]

1. e4 c5 2. Nf3 e6 3. c3 d5 4. exd5 Qxd5 5. d4 Nf6 6. Bb5+ Bd7 7. Bxd7+ Qxd7
8. O-O Nc6 9. Be3 Nd5 10. c4 Nxe3 11. fxe3 Rd8 12. Ng5 f6 13. Ne4 cxd4 14.
Qh5+ Qf7 15. Qh3 f5 16. exd4 Nxd4 17. Nbc3 Qg6 18. Nf2 Bc5 19. Rad1 O-O 20.
a3 Nc6 21. b4 Bd4 22. Nb5 e5 23. c5 e4 24. Qb3+ Kh8 25. Nd6 e3 26. Rxd4
exf2+ 27. Rxf2 Nxd4 28. Qd5 Nb5 29. Qxb7 Nxd6 30. cxd6 Qxd6 31. Qxa7 Qd1+
32. Rf1 Qd4+ 33. Qxd4 Rxd4 {White resigns} 0-1

[Event "ICC tourney 1984 (45 10)"]
[Site "Internet Chess Club"]
[Date "2020.08.29"]
[Round "4"]
[White "funplaychess"]
[Black "Joelpaulg"]
[Result "0-1"]
[ICCResult "White resigns"]
[WhiteElo "2347"]
[BlackElo "2147"]
[Opening "King's Indian: Sämisch, 6...Nc6"]
[ECO "E83"]
[NIC "KI.36"]
[Time "18:31:34"]
[TimeControl "2700+10"]

1. d4 Nf6 2. c4 g6 3. Nc3 Bg7 4. e4 d6 5. f3 O-O 6. Be3 Nc6 7. Qd2 a6 8.
Nge2 Na5 9. Nc1 Nd7 10. Nb3 Nxb3 11. axb3 e5 12. d5 f5 13. Bd3 Nf6 14. O-O-O
fxe4 15. Nxe4 Nxe4 16. Bxe4 Bf5 17. Qd3 a5 18. h4 a4 19. h5 axb3 20. hxg6
hxg6 21. Qxb3 Bxe4 22. fxe4 Qd7 23. Kb1 Qg4 24. Qc2 Ra6 25. Qd3 Rfa8 26. Bd2
Ra1+ 27. Kc2 Rxd1 28. Rxd1 Qxg2 29. Qe3 Bh6 30. Qxh6 Qxe4+ 31. Kc3 Ra4 32.
Be3 Rxc4+ 33. Kd2 Qxd5+ 34. Ke1 Qg2 35. Ra1 Qg3+ 36. Kd2 Qg2+ 37. Ke1 b5 38.
Ra8+ Kf7 39. Qf8+ Ke6 40. Qe8+ Kf5 41. Qxb5 Qh1+ 42. Kd2 Qc1+ 43. Ke2 Rc2+
44. Kf3 Qh1+ {White resigns} 0-1

[Event "ICC tourney 1984 (45 10)"]
[Site "Internet Chess Club"]
[Date "2020.08.29"]
[Round "4"]
[White "MrNormalName"]
[Black "CARTERD253"]
[Result "1-0"]
[ICCResult "Black resigns"]
[WhiteElo "2194"]
[BlackElo "2183"]
[Opening "QGD semi-Slav: Stoltz variation"]
[ECO "D45"]
[NIC "SL.08"]
[Time "18:32:19"]
[TimeControl "2700+10"]

1. d4 d5 2. c4 c6 3. Nc3 Nf6 4. e3 e6 5. Nf3 Nbd7 6. Qc2 Bd6 7. Be2 O-O 8.
O-O Qe7 9. Rd1 dxc4 10. Bxc4 e5 11. Bb3 exd4 12. exd4 Nb6 13. Bg5 h6 14. Re1
Qd8 15. Bh4 Bg4 16. Ne5 Bh5 17. g4 g5 18. gxh5 gxh4 19. Qg6+ Kh8 20. Qxh6+
Nh7 21. Nxf7+ Rxf7 22. Bxf7 Qg5+ 23. Qxg5 Nxg5 24. Re8+ Rxe8 25. Bxe8 Nc4
26. Bd7 Nd2 27. Kg2 Ndf3 28. h3 Nxd4 29. Rd1 c5 30. Nb5 Nxb5 31. Bxb5
{Black resigns}
1-0

[Event "ICC tourney 1984 (45 10)"]
[Site "Internet Chess Club"]
[Date "2020.08.29"]
[Round "4"]
[White "BrainOnFire"]
[Black "xyzchessdude"]
[Result "1/2-1/2"]
[ICCResult "Game drawn by mutual agreement"]
[WhiteElo "2083"]
[BlackElo "2053"]
[Opening "English: symmetrical, Benoni formation"]
[ECO "A31"]
[NIC "EO.26"]
[Time "18:31:23"]
[TimeControl "2700+10"]

1. d4 Nf6 2. Nf3 c5 3. c4 g6 4. g3 Bg7 5. Bg2 O-O 6. O-O cxd4 7. Nxd4 Nc6 8.
Nc3 Nxd4 9. Qxd4 d6 10. Qd2 Rb8 11. b3 a6 12. Bb2 b5 13. cxb5 axb5 14. a4
bxa4 15. bxa4 Ba6 16. a5 Nd7 17. Na4 Bxb2 18. Nxb2 Nc5 19. Qc2 Nb3 20. Ra4
Qd7 21. Bd5 Nc5 22. Ra2 Rfc8 23. Bc4 Ne6 24. Qa4 Qxa4 25. Rxa4 Nc5 26. Bxa6
Nxa6 27. Nc4 Rb5 28. Na3 Rb3 29. Rc4 Rxc4 30. Nxc4 Rc3 31. Nb6 Ra3 32. Nc4
Ra4 33. Rc1 d5 34. Ne5 Rxa5 {Game drawn by mutual agreement} 1/2-1/2

[Event "ICC tourney 1984 (45 10)"]
[Site "Internet Chess Club"]
[Date "2020.08.29"]
[Round "4"]
[White "tedchen"]
[Black "binomialfactor"]
[Result "1-0"]
[ICCResult "Black resigns"]
[WhiteElo "2307"]
[BlackElo "2188"]
[Opening "QGD: Neo-orthodox variation, 7.Bh4"]
[ECO "D56"]
[NIC "QP.08"]
[Time "18:31:28"]
[TimeControl "2700+10"]

1. d4 d5 2. c4 e6 3. Nf3 Nf6 4. Nc3 Be7 5. Bg5 O-O 6. e3 h6 7. Bh4 Nbd7 8.
Rc1 c5 9. dxc5 dxc4 10. Bxc4 Nxc5 11. O-O b6 12. Qe2 Bb7 13. Rfd1 Ncd7 14.
Bb5 a6 15. Bxd7 Nxd7 16. Ne5 Bxh4 17. Rxd7 Qb8 18. Qh5 Bf6 19. Nxf7 Qe8 20.
Nxh6+ gxh6 21. Qxe8 Rfxe8 22. Rxb7 b5 23. Ne4 Bxb2 24. Rcc7 Rac8 25. g4 Rxc7
26. Rxc7 Ra8 27. h4 a5 28. g5 hxg5 29. hxg5 b4 30. Rb7 Rd8 31. Kg2 Rd1 32.
Rb5 Ra1 33. Rxa5 b3 34. Nc5 Rxa2 35. Nxb3 Rxa5 36. Nxa5 Kf7 37. Kg3 Kg6 38.
f4 e5 39. Nc4 exf4+ 40. exf4 Bd4 41. Kg4 Kg7 42. f5 Bc3 43. Ne3 Ba5 44. f6+
Kg6 45. Nd5 Bd8 46. Nf4+ Kf7 47. Kf5 Kg8 48. g6 Kh8 49. f7 Be7 50. Ne6 Bf8
51. Nxf8 {Black resigns} 1-0